 Dungeon Crawl Stone Soup version 0.22-a0-482-g76e0a5f (webtiles) character file.

24 epen the Ducker (level 2, 0/14 HPs)
             Began as a Felid Monk on June 17, 2018.
             Succumbed to an adder's poison
             ... on level 2 of the Dungeon.
             The game lasted 00:01:08 (569 turns).

epen the Ducker (Felid Monk)                         Turns: 569, Time: 00:01:09

Health: 0/14       AC:  1    Str:  7    XL:     2   Next: 79%
Magic:  3/3        EV: 20    Int: 16    God:
Gold:   48         SH:  0    Dex: 18    Spells: 1/1 levels left
                                        Lives:  0   Deaths: 0

rFire    . . .     SeeInvis +     - Unarmed
rCold    . . .     Gourm    .   (shield unavailable)
rNeg     . . .     Faith    .   (armour unavailable)
rPois    .         Spirit   .   (helmet unavailable)
rElec    .         Reflect  .   (cloak unavailable)
rCorr    .         Harm     .   (gloves unavailable)
MR       .....                  (boots unavailable)
Stlth    +++.......             (no amulet)
HPRegen  0.04/turn              (no ring)
MPRegen  0.08/turn              (no ring)

@: brilliant, lethally poisoned (0 -> -10), quick
A: very small, no armour, no weapons or thrown items, stealth, claws 1, fangs 3,
see invisible, carnivore, speed 1, shaggy fur 1, slow metabolism 1, sharp paws
a: no special abilities


You were on level 2 of the Dungeon.
You were not hungry.

You visited 1 branch of the dungeon, and saw 2 of its levels.

You collected 48 gold pieces.

Inventory:

Scrolls
 b - 5 scrolls of identify {unknown}
 e - a scroll of enchant armour {unknown}
 f - a scroll of fog {unknown}
 g - a scroll of immolation {unknown}
Potions
 d - a potion of curing {unknown}
Comestibles
 a - 2 rations


   Skills:
 + Level 3.2 Fighting
 + Level 4.4 Dodging
 + Level 2.7 Stealth
 * Level 3.6 Unarmed Combat


You had one spell level left.
You didn't know any spells.
Your spell library was empty.

Dungeon Overview and Level Annotations

Branches:
Dungeon (2/15)

Altars:
Fedhas


Innate Abilities, Weirdness & Mutations

You cannot wear armour.
You are incapable of wielding weapons or throwing items.
Your paws allow you to move quietly. (Stealth)
You have sharp claws.
You have razor-sharp teeth.
You have supernaturally acute eyesight. (SInv)
You are carnivorous and can eat meat at any time.
You cover ground quickly.
You are covered in fur. (AC +1)
You have a slow metabolism.
Your sharp claws are effective at attacking unaware monsters.


Message History

The adder is almost dead.
The adder barely misses you.
You barely miss the adder. Your bite misses the adder.
The adder is almost dead.
The adder bites you.
You are too injured to fight recklessly!
You are too injured to fight recklessly!
You miss the adder.
The adder is almost dead.
The adder misses you.
You scratch the adder but do no damage.
The adder is almost dead.
The adder bites you.
* * * LOW HITPOINT WARNING * * *
You are lethally poisoned!
The adder poisons you! The adder closely misses you.
Unknown command.
It was a potion of brilliance.
You feel clever all of a sudden.
You die...

###.### .......##
........#
..$.P.P.#
#..PPPP# ##PP_P.#
.#.P.PS)#
......PPP@#
#...#####.# #...#
#..# #...# #.## #
#...# #.# ###
#...# #.# ..#
#...# ##.#
#.######...# #..#
.....†.....###.##


You could see an adder.

Vanquished Creatures
  2 dart slugs (D:2)
  A ball python (D:2)
  2 bats
  3 giant cockroaches (D:1)
  A goblin (D:1)
  4 hobgoblins
  3 frilled lizards (D:1)
  A kobold (D:1)
  2 rats (D:1)
19 creatures vanquished.

Notes
Turn   | Place    | Note
-------+----------+-------------------------------------------
     0 | D:1      | epen the Felid Monk began the quest for the Orb.
     0 | D:1      | Reached XP level 1. HP: 10/10 MP: 2/2
   113 | D:1      | Reached XP level 2. HP: 12/14 MP: 3/3
   559 | D:2      | Found a blossoming altar of Fedhas.
   560 | D:2      | namelastname112: !lg * won fe-- god=chei
   565 | D:2      | beem: 85. TheNamelessOne the Slayer (L27 FeEE of Cheibriados), escaped with the Orb and 5 runes on 2018-06-02 15:27:21, with 2868749 points after 83581 turns and 8:56:24.
   569 | D:2      | Succumbed to an adder's poison

Vault maps used:
D:1:      lightli_arrival_chessboard, minmay_misc_feat_tower,
          hangedman_decor_riveting
D:2:      corexii_leaking_fountain, fedhas_altar_3

Action                   || total
-------------------------++-------
Melee: Unarmed           ||    54
       Bite              ||     2
  Use: Potion            ||     1
 Stab: Sleeping          ||     3
Armor: Skin              ||     3
Dodge: Dodged            ||    41

Table legend:
 A = Spawn XP
 B = Non-spawn XP
 C = Spawn XP percentage of total XP
 D = Spawn monster count
 E = Non-spawn monster count
 F = Spawn count percentage of total count
 G = Total turns spent on level
                    A         B        C        D         E        F      G
               +---------+---------+-------+---------+---------+-------+---------
         Total |       0 |      35 |   0.0 |       0 |      19 |   0.0 |   569
               +---------+---------+-------+---------+---------+-------+---------
           D:1 |       0 |      22 |   0.0 |       0 |      14 |   0.0 |   382
           D:2 |       0 |      13 |   0.0 |       0 |       5 |   0.0 |   187
               +---------+---------+-------+---------+---------+-------+---------
